 Dungeon Crawl Stone Soup version 0.32-a0-900-g30fb1b0edc (webtiles) character file.

Game seed: 13316199432354193435

243141 runemasterragnar the Warrior (level 19, -4/161 HPs)
             Began as a Coglin Hunter on Apr 5, 2024.
             Was a High Priest of Wu Jian.
             Killed by angry trees
             ... awakened by a spriggan druid
              (18 damage)
             ... on level 2 of the Swamp on Apr 6, 2024.
             The game lasted 01:18:43 (45586 turns).

runemasterragnar the Warrior (Coglin Hunter)       Turns: 45586, Time: 01:18:44

Health: -4/161     AC: 15    Str: 17    XL:     19   Next: 86%
Magic:  26/26      EV: 10    Int:  9    God:    Wu Jian [*****.]
Gold:   2054       SH:  0    Dex: 27    Spells: 22/27 levels left

rFire   + . .        g - +7 demon blade "Yblae" {pain, Str+2 Dex+4 SInv}
rCold   . . .        G - +9 scimitar (freeze) {Octavius}
rNeg    . . .        u - +2 scale mail {rF+}
rPois   +            n - +2 helmet
rElec   +            y - +0 cloak
rCorr   +            D - +2 pair of gloves {Dex+3}
SInv    +            Q - +0 pair of boots {Stlth+}
Will    +....        (amulet unavailable)
Stlth   ++++++       (ring unavailable)
HPRegen 0.46/turn    (ring unavailable)
MPRegen 0.20/turn    V - adeledicnander booster {rElec rPois rCorr Clar RMsl}

%: repel missiles, clarity
@: corroded, serpent's lash, revved
A: off-hand wielding, slow wielding, warmup strikes, no jewellery, clumsy 1,
deformed body
}: 1/15 runes: gossamer
a: Renounce Religion, Wall Jump, Serpent's Lash, Heavenly Storm


You were on level 2 of the Swamp.
You worshipped Wu Jian.
Wu Jian was extremely pleased with you.
You visited 7 branches of the dungeon, and saw 33 of its levels.
You visited the Abyss 1 time.
You also visited: Sewer, Bailey and Volcano.

You collected 3508 gold pieces.
You spent 1454 gold pieces at shops.

Inventory:

Hand Weapons
 b - a +2 scimitar of flaming
 d - the +2 long sword "Pendulum" {flame, rN+}
   (You found it on level 5 of the Lair of Beasts)

   rN+:       It protects you from negative energy.
 g - the +7 demon blade "Yblae" (weapon) {pain, Str+2 Dex+4 SInv}
   (You found it in a sewer)

   Str+2:     It affects your strength (+2).
   Dex+4:     It affects your dexterity (+4).
   SInv:      It lets you see invisible.
 G - a +9 scimitar of freezing (offhand) {Octavius}
Missiles
 a - 4 throwing nets (quivered)
 H - 5 javelins
Armour
 f - +0 fire dragon scales
 j - a +2 hat of see invisible
 n - a +2 helmet (worn)
 u - a +2 scale mail of fire resistance (worn)
 w - the +0 chain mail "Nyuneeg" {rElec rF+ rCorr}
   (You bought it in a shop on level 2 of the Orcish Mines)

   rF+:       It protects you from fire.
   rElec:     It insulates you from electricity.
   rCorr:     It protects you from acid and corrosion.
 y - a +0 cloak (worn)
 D - a +2 pair of gloves of dexterity (worn)
 Q - a +0 pair of boots of stealth (worn)
Gizmo
 V - an adeledicnander booster (installed) {rElec rPois rCorr Clar RMsl}
   (You invented it yourself on level 1 of the Lair of Beasts)

   [adeledicnander booster]

   rElec:     It insulates you from electricity.
   rPois:     It protects you from poison.
   Clar:      It protects you from confusion, rage, mesmerisation and fear.
   RMsl:      It protects you from missiles.
   rCorr:     It protects you from acid and corrosion.
Wands
 s - a wand of charming (4)
 B - a wand of flame (30)
 E - a wand of polymorph (2)
 I - a wand of warping (7)
 O - a wand of quicksilver (1)
 P - a wand of mindburst (19)
Scrolls
 e - 7 scrolls of teleportation
 k - 3 scrolls of enchant armour
 l - a scroll of amnesia
 o - 12 scrolls of identify
 p - 12 scrolls of fog
 r - a scroll of enchant weapon
 t - 4 scrolls of torment
 v - 6 scrolls of poison
 A - 2 scrolls of fear
 M - 2 scrolls of silence
 W - 3 scrolls of revelation
 Z - 5 scrolls of vulnerability
Potions
 h - a potion of experience
 i - 11 potions of curing
 q - 2 potions of might
 x - 5 potions of mutation
 z - 5 potions of cancellation
 C - a potion of heal wounds
 F - 9 potions of enlightenment
 J - 8 potions of attraction
 K - 2 potions of lignification
 N - 4 potions of ambrosia
 R - 4 potions of brilliance
 T - 2 potions of haste
 U - 4 potions of magic
 X - 3 potions of resistance
 Y - 2 potions of berserk rage
Miscellaneous
 c - a lightning rod (4/4)
 m - a phantom mirror
 S - a Gell's gravitambourine (2/2)


   Skills:
 * Level 17.4 Fighting
 - Level 15.1 Long Blades
 - Level 4.6 Ranged Weapons
 + Level 14.2 Armour
 - Level 2.2 Dodging
 + Level 14.2 Stealth
 - Level 4.7 Spellcasting
 + Level 10.0 Necromancy
 - Level 16.7 Evocations


You had 22 spell levels left.
You knew the following spells:

 Your Spells              Type           Power      Damage    Failure   Level
a - Curse of Agony        Necr           20%        N/A       26%         5

Your spell library contained the following spells:

 Spells                   Type           Power      Damage    Failure   Level
 Necrotise                Necr           80%        1d8       1%          1
 Sublimation of Blood     Necr           20%        N/A       1%          2
 Vampiric Draining        Necr           20%        2d7       3%          3
 Martyr's Knell           Necr/Summ      11%        N/A       58%         4
 Hailstorm                Conj/Ice       2%         3d5       87%         3
 Maxwell's Portable Pile  Tloc           2%         2d(5-14)  87%         3
 Summon Ice Beast         Ice/Summ       2%         N/A       87%         3
 Teleport Other           Tloc           2%         N/A       87%         3
 Brom's Barrelling Bould  Conj/Erth      2%         2d3       99%         4
 Ignite Poison            Fire/Alch      2%         N/A       99%         4
 Petrify                  Alch/Erth      2%         N/A       99%         4
 Sticky Flame             Fire/Alch      2%         2d4       99%         4
 Fireball                 Conj/Fire      1%         3d3       100%        5
 Irradiate                Conj/Alch      1%         3d12      100%        5
 Iskenderun's Battlesphe  Conj           2%         2d6       100%        5
 Summon Forest            Summ/Tloc      1%         N/A       100%        5
 Summon Mana Viper        Hex/Summ       2%         N/A       100%        5
 Conjure Ball Lightning   Conj/Air       1%         3x3d6     100%        6
 Dispersal                Tloc           1%         N/A       100%        6
 Gell's Gavotte           Tloc           1%         2d(11-17) 100%        6
 Permafrost Eruption      Ice/Erth       1%         2x4d1     100%        6
 Plasma Beam              Fire/Air       1%         2x1d11    100%        6
 Sculpt Simulacrum        Ice/Alch       1%         N/A       100%        6
 Monstrous Menagerie      Summ           1%         N/A       100%        7
 Orb of Destruction       Conj           1%         9d5       100%        7
 Ignition                 Fire           1%         3d3       100%        8


Dungeon Overview and Level Annotations

Branches:
Dungeon (15/15)            Temple (1/1) D:5            Lair (5/5) D:11
  Swamp (2/4) Lair:2       Spider (4/4) Lair:3          Orc (2/2) D:12
    Elf (0/3) Orc:2        Vaults (4/5) D:13          Crypt (0/3) Vaults:3
 Depths (0/4) D:15          Sewer (visited)          Bailey (visited)
Volcano (visited)
  Slime: Lair:4-5

Altars:
Ashenzari
Cheibriados
Dithmenos
Elyvilon
Fedhas
Gozag
Hepliaklqana
Kikubaaqudgha
Makhleb
Nemelex Xobeh
Okawaru
Qazlal
Ru
Sif Muna
Trog
Uskayaw
Vehumet
Wu Jian
Xom
Yredelemnul
Zin
The Shining One
Beogh

Shops:
D:4 :   D:7 *   D:12 ([   Orc:2 =*[?   Vaults:2 (:?

Portals:
Pandemonium: Orc:2

Annotations:
D:12 2 runed translucent doors, DeathSocks's ghost, journeyman TeAE
Spider:3 1 runed translucent door, Ifaampeo's ghost, journeyman MDDe


Innate Abilities, Weirdness & Mutations

You can wield a second weapon in your off-hand.
It takes a long time for you to wield or remove held weapons.
Your first few attacks do less damage.
You cannot equip rings or amulets.
You are clumsy. (Dex -2)
Armour fits poorly on your strangely shaped body.


Message History

The spriggan rider hits you from afar with a +0 spear! x2
Unknown command.
The goliath frog attacks as it pursues you!
The goliath frog barely misses you.
The swamp worm fires a harpoon shot at you.
The harpoon shot is repelled.
The spriggan rider hits you from afar with a +0 spear!!
The goliath frog hits you but does no damage.
The spriggan druid mumbles some strange words.
The forest starts to sway and rumble!
The goliath frog barely misses you.
The spriggan rider hits you from afar with a +0 spear.
There is a stone staircase leading up here.
Unknown command.
You slash the spriggan druid with your +9 scimitar of freezing!
You freeze the spriggan druid.
The spriggan druid is moderately wounded.
You closely miss the spriggan druid with the +7 demon blade "Yblae".
The spriggan rider hits you from afar with a +0 spear!
A seven-headed hydra comes into view.
The spriggan druid hits you but does no damage.
Unknown command.
You closely miss the spriggan druid with your +9 scimitar of freezing.
The spriggan druid is moderately wounded.
The seven-headed hydra roars!
You slash the spriggan druid with the +7 demon blade "Yblae"!
You are hit by a branch!
* * * LOW HITPOINT WARNING * * *
The goliath frog hits you from afar.
* * * LOW HITPOINT WARNING * * *
The acid corrodes you!
You are splashed with acid.
You resist.
* * * LOW HITPOINT WARNING * * *
The spriggan rider hits you from afar with a +0 spear!
* * * LOW HITPOINT WARNING * * *
The spriggan rider hits you but does no damage.
Okay, then.
Okay, then.
Okay, then.
Your muscles tense, ready for explosive movement...
A tree reaches out and hits you!!
You die...

~~~~~ ~~~~~ ~~§~.♣
♣♣♣ ~~~..~ ♣♣♣~~
..~~~.♣♣♣♣~~♣♣
.~~~~.~♣.~.@.♣♣♣
~~~~~....Fwi...♣♣
....~~†?.)ii.~~.♣
~..§~~~†..~i.~~...D
.~~§~~~§~~........~
.~~~~~~~~~.~~......
♣~~.~~~~..>.§~~..~~
♣♣♣♣..~...~.~~~....
♣♣..§.~~~~~~~...


You could see a seven-headed hydra, 2 spriggan riders, a spriggan druid, a
goliath frog, a swamp worm and a spriggan.

Vanquished Creatures
  3 sphinxes
  2 tentacled starspawn (Abyss:2)
  A thorn hunter (Swamp:1)
  A shadow dragon (Vaults:3)
  Donald (Spider:2)
  2 tengu reavers
  A deep elf sorcerer (Vaults:2)
  7 emperor scorpions (Spider:4)
  4 vault wardens
  6 ghost moths
  7 ironbound preservers
  3 broodmothers
  A very ugly thing (Abyss:2)
  A formless jellyfish (Vaults:1)
  2 stone giants
  3 ironbound thunderhulks (Vaults:3)
  A war gargoyle (Vaults:2)
  5 spark wasps
  A bunyip (Swamp:1)
  6 dire elephants
  An ettin (Vaults:3)
  Josephine (D:13)
  A fire dragon (Volcano)
  7 yaktaur captains
  7 entropy weavers
  9 vault guards
  2 rakshasas (Abyss:2)
  6 great orbs of eyes
  A peacekeeper (Vaults:2)
  6 hydras
  A spriggan skeleton (Abyss:2)
  11 centaur warriors
  2 jorogumos
  5 alligators (Swamp:1)
  2 radroaches
  A death scarab (Spider:4)
  A catoblepas (D:14)
  2 demonspawn (Orc:2)
  11 ironbound frosthearts
  3 death yaks (Lair:4)
  6 two-headed ogres
  5 boulder beetles
  3 tengu warriors
  3 orc high priests (Orc:2)
  2 thrashing horrors (Abyss:2)
  6 demonic crawlers
  A shock serpent (shapeshifter) (Vaults:1)
  3 sun demons
  2 fire crabs (shapeshifter)
  14 spriggans
  2 skysharks
  A sixfirhy (Orc:2)
  2 goliath frogs (Swamp:1)
  5 pharaoh ants
  A mana viper (shapeshifter) (Vaults:1)
  2 spriggan druids (Lair:2)
  A large abomination (Abyss:2)
  A skeletal warrior (D:13)
  2 sun moths
  A glowing orange brain (Vaults:4)
  15 ironbound convokers
  11 deep trolls
  9 orb spiders
  A deep elf pyromancer (D:15)
  7 arcanists
  3 lindwurms (Vaults:1)
  6 harpies
  9 steelbarb worms
  A steelbarb worm (shapeshifter) (Vaults:2)
  3 orc knights (Orc:2)
  32 ugly things
  A phantasmal warrior (Vaults:3)
  19 wolf spiders
  2 obsidian bats (Orc:2)
  A cyclops (shapeshifter) (Vaults:1)
  7 orc sorcerers (Orc:2)
  6 cyclopes
  2 moths of wrath
  9 elephants (Lair:3)
  A moth of wrath (shapeshifter) (Vaults:1)
  3 meliai (D:15)
  A rust devil (Orc:2)
  8 vault sentinels
  6 black mambas
  3 kobold blastminers
  Joseph (D:8)
  3 smoke demons
  Maurice (D:7)
  3 torpor snails
  2 gargoyles (D:12)
  Jeremiah (D:7)
  10 cane toads
  An orange demon (Orc:2)
  An efreet (D:14)
  An unseen horror (D:12)
  A kobold demonologist (D:13)
  6 rime drakes
  9 yaktaurs
  11 komodo dragons
  An ancient zyme (Abyss:2)
  A polar bear (shapeshifter) (D:13)
  A red devil (Orc:2)
  A bloated husk (Swamp:1)
  3 trolls
  15 blink frogs
  21 jumping spiders
  8 polar bears
  18 tarantellas
  3 tyrant leeches (Swamp:1)
  A dream sheep (Lair:5)
  A glass eye (shapeshifter) (Vaults:3)
  A dream sheep (shapeshifter) (Vaults:1)
  7 hornets
  31 slime creatures
  Sigmund (D:4)
  18 culicivoras
  7 wyverns
  A shadow (D:11)
  A vampire (D:12)
  A small abomination (Abyss:2)
  9 wraiths
  57 yaks
  2 basilisks (D:14)
  7 steam dragons
  2 neqoxecs
  2 wargs (Orc:1)
  45 redbacks
  Menkaure (D:7)
  14 vampire mosquitoes
  6 swamp worms
  2 acid dragons
  16 water moccasins
  3 hell hounds
  4 laughing skulls (D:13)
  33 orc warriors
  6 black bears
  7 ogres
  20 centaurs
  40 wolves
  4 boggarts (Lair:5)
  3 phantoms
  A kobold brigand (D:9)
  7 bullfrogs
  6 scorpions
  7 wights (D:8)
  22 killer bees
  A howler monkey (D:9)
  An electric eel (Lair:5)
  25 orc priests
  3 bombardier beetles
  A jelly (D:5)
  2 quasits (Abyss:2)
  Crazy Yiuf (D:4)
  2 gnoll boudas
  4 hounds
  4 iguanas
  3 sleepcaps
  5 hell rats (Lair:5)
  24 orc wizards
  7 adders
  A river rat (D:3)
  5 gnolls
  4 white imps
  2 ufetubi (D:5)
  11 dart slugs
  9 ribbon worms
  60 orcs
  2 bats
  8 endoplasms
  16 giant cockroaches
  16 goblins
  6 hobgoblins
  6 jackals
  3 quokkas
  6 ball pythons
  13 frilled lizards
  13 kobolds
  6 rats
  4 butterflies
1160 creatures vanquished.

Vanquished Creatures (collateral kills)
  An orc high priest (Orc:2)
  An ugly thing (D:15)
  A wolf spider (Spider:4)
  A kobold blastminer (Orc:1)
  A jumping spider (Spider:4)
  A tarantella (Spider:4)
  A redback (Spider:4)
  A centaur (Bailey)
  An orc priest (Orc:1)
  3 orcs
12 creatures vanquished.

Vanquished Creatures (others)
  An orb spider (Spider:4)
  An orc knight (Orc:2)
  An ugly thing (D:15)
  A bloated husk (Swamp:1)
  2 redbacks (Vaults:1)
  2 orc warriors (Bailey)
  A centaur (Bailey)
  2 orcs (Orc:2)
  2 starspawn tentacles (Abyss:2)
13 creatures vanquished.

Grand Total: 1185 creatures vanquished

Notes
Turn   | Place    | Note
-------+----------+-------------------------------------------
     0 | D:1      | runemasterragnar the Coglin Hunter began the quest for the
                  | Orb.
     0 | D:1      | Reached XP level 1. HP: 16/16 MP: 1/1
    52 | D:1      | Reached skill level 1 in Stealth
    52 | D:1      | Reached XP level 2. HP: 22/22 MP: 2/2
   438 | D:2      | Reached XP level 3. HP: 27/27 MP: 3/3
   885 | D:2      | Reached XP level 4. HP: 33/34 MP: 4/4
  1380 | D:3      | Found a glowing drain.
  1394 | Sewer    | Entered a sewer
  1423 | Sewer    | Reached skill level 1 in Armour
  1423 | Sewer    | Reached XP level 5. HP: 38/40 MP: 5/5
  1569 | Sewer    | Reached skill level 3 in Fighting
  1575 | Sewer    | Reached XP level 6. HP: 28/47 MP: 6/6
  1623 | Sewer    | Identified the +7 demon blade "Yblae" {pain, Str+2 Dex+4
                  | SInv}
  2340 | D:3      | Identified the +4 dagger "Tassukk" {protect, *Slow MP+9
                  | Int+4}
  2564 | D:4      | You fall into a shaft and drop 3 floors!
  2567 | D:7      | Found a stormy altar of Qazlal.
  2593 | D:7      | Noticed Menkaure
  2599 | D:7      | Killed Menkaure
  2600 | D:7      | Reached skill level 4 in Fighting
  2600 | D:7      | Reached skill level 1 in Long Blades
  2600 | D:7      | Reached XP level 7. HP: 54/54 MP: 7/7
  2636 | D:7      | Noticed Jeremiah
  2657 | D:5      | Entered Level 5 of the Dungeon
  2806 | D:5      | Reached XP level 8. HP: 61/61 MP: 8/8
  3028 | D:5      | Found a staircase to the Ecumenical Temple.
  3044 | D:5      | Reached skill level 5 in Fighting
  3349 | D:4      | Noticed Sigmund
  3357 | D:4      | Killed Sigmund
  3527 | D:4      | Found a runed translucent door.
  3528 | D:4      | Noticed Crazy Yiuf
  3740 | D:4      | Found Ehopn's Book Emporium.
  3891 | D:4      | Killed Crazy Yiuf
  3892 | D:4      | Reached skill level 5 in Stealth
  3892 | D:4      | Reached XP level 9. HP: 67/69 MP: 9/9
  4070 | D:5      | Found a hazy altar of Hepliaklqana.
  4077 | D:5      | Reached skill level 6 in Fighting
  4107 | D:5      | Found a radiant altar of Vehumet.
  4715 | D:6      | Reached skill level 5 in Armour
  5471 | D:7      | Reached skill level 5 in Long Blades
  5471 | D:7      | Reached skill level 1 in Evocations
  5555 | D:7      | Killed Jeremiah
  5556 | D:7      | Reached skill level 1 in Necromancy
  5659 | D:7      | Noticed Maurice
  5661 | D:7      | Maurice stole a +3 sling {Mira}
  5664 | D:7      | Killed Maurice
  5665 | D:7      | Reached skill level 1 in Spellcasting
  5700 | D:7      | Found Pori Rehexo's Overcharged Wands.
  5780 | D:7      | Identified the +3 chain mail of Zytacawn {Harm MP+9}
  6134 | D:8      | Found a snail-covered altar of Cheibriados.
  6289 | D:8      | Noticed Joseph
  6298 | D:8      | Killed Joseph
  6299 | D:8      | Reached XP level 10. HP: 64/77 MP: 10/12
  6397 | D:8      | Found a bloodstained altar of Trog.
  6956 | D:9      | Reached skill level 7 in Fighting
  6971 | D:9      | Found a flagged portal.
  7042 | Temple   | Entered the Ecumenical Temple
  7057 | Temple   | Became a worshipper of the Wu Jian Council
  7168 | Bailey   | Entered a bailey
  7339 | Bailey   | Reached * piety under Wu Jian
  7885 | Bailey   | Identified the staff "Wetocopu" {rElec Dex+3 Conj}
  8038 | D:9      | Reached XP level 11. HP: 81/84 MP: 15/15
  8041 | D:9      | Reached ** piety under Wu Jian
  8185 | D:9      | Noticed a two-headed ogre
  8191 | D:9      | Killed a two-headed ogre
  8192 | D:9      | Reached skill level 5 in Necromancy
  8321 | D:9      | Reached skill level 5 in Evocations
  8414 | D:9      | Noticed a two-headed ogre
  8420 | D:9      | Killed a two-headed ogre
  8742 | D:10     | Entered Level 10 of the Dungeon
  8962 | D:10     | Noticed a two-headed ogre
  8970 | D:10     | Killed a two-headed ogre
  9209 | D:10     | Found a glowing golden altar of the Shining One.
  9524 | D:10     | Noticed a two-headed ogre
  9528 | D:10     | Killed a two-headed ogre
  9880 | D:10     | Found a basalt altar of Yredelemnul.
  9880 | D:10     | Found a white marble altar of Elyvilon.
  9881 | D:10     | Found a sparkling altar of Nemelex Xobeh.
  9915 | D:11     | Got the Volume of Quantum Incineration
  9945 | D:11     | Reached skill level 8 in Fighting
  9991 | D:11     | Noticed a two-headed ogre
 10005 | D:11     | Killed a two-headed ogre
 10085 | D:11     | Reached *** piety under Wu Jian
 10099 | D:11     | Found a staircase to the Lair.
 10812 | D:11     | Noticed a cyan ugly thing
 10818 | D:11     | Killed a cyan ugly thing
 10819 | D:11     | Reached XP level 12. HP: 75/93 MP: 17/17
 10942 | D:11     | Noticed a boulder beetle
 10954 | D:11     | Killed a boulder beetle
 10959 | D:11     | Found a stormy altar of Qazlal.
 11356 | D:12     | Found Xuenek's Armour Boutique.
 11358 | D:12     | Found a staircase to the Orcish Mines.
 11360 | D:12     | Found Qeramor's Weapon Boutique.
 11449 | D:12     | Found a large runed translucent door.
 11450 | D:12     | Found a large runed translucent door.
 11453 | D:12     | Noticed DeathSocks's ghost (journeyman TeAE)
 12172 | D:13     | Noticed a four-headed hydra
 12178 | D:12     | Reached **** piety under Wu Jian
 12621 | Orc:1    | Entered Level 1 of the Orcish Mines
 13017 | Orc:1    | Noticed a two-headed ogre
 13031 | Orc:1    | Killed a two-headed ogre
 13205 | Orc:1    | Found a dark tunnel.
 13221 | Volcano  | Entered a volcano
 13524 | Volcano  | Noticed a sun demon
 13533 | Volcano  | Killed a sun demon
 13537 | Volcano  | Reached skill level 9 in Fighting
 13736 | Volcano  | Reached XP level 13. HP: 96/101 MP: 20/20
 13769 | Volcano  | Noticed a fire dragon
 13780 | Volcano  | Killed a fire dragon
 13781 | Volcano  | Reached skill level 10 in Long Blades
 14081 | Orc:1    | Found a roughly hewn altar of Beogh.
 14306 | Orc:2    | Entered Level 2 of the Orcish Mines
 14471 | Orc:2    | Found Zitisi's Magic Scroll Boutique.
 14473 | Orc:2    | Found Wuhak's General Store.
 14874 | Orc:2    | Found a staircase to the Elven Halls.
 14878 | Orc:2    | Reached ***** piety under Wu Jian
 15107 | Orc:2    | Bought a scroll of identify for 36 gold pieces
 15109 | Orc:2    | Bought a scroll of identify for 28 gold pieces
 16054 | Orc:2    | Found Kousow's Jewellery Emporium.
 16054 | Orc:2    | Found Cofaliom's Antique Armour Shoppe.
 16054 | Orc:2    | Found a one-way gate leading to the halls of Pandemonium.
 16484 | Orc:2    | Bought a shimmering chain mail for 304 gold pieces
 16484 | Orc:2    | Identified the +0 chain mail "Nyuneeg" {rElec rF+ rCorr}
                  | (You bought it in a shop on level 2 of the Orcish Mines)
 16484 | Orc:2    | Bought a brightly glowing scale mail for 288 gold pieces
 16484 | Orc:2    | Identified the +3 scale mail of Rewnach {Harm Rampage rF-
                  | Dex+4} (You bought it in a shop on level 2 of the Orcish
                  | Mines)
 16589 | D:13     | Noticed Josephine
 16638 | Lair:1   | Entered Level 1 of the Lair of Beasts
 16694 | Lair:1   | Reached skill level 10 in Fighting
 16796 | Lair:1   | Reached XP level 14. HP: 110/110 MP: 21/21
 16796 | Lair:1   | Acquired an adeledicnander booster {rElec rPois rCorr Clar
                  | RMsl}
 17056 | Lair:1   | Found a basalt altar of Yredelemnul.
 17695 | Lair:2   | Found a shadowy altar of Dithmenos.
 17950 | Lair:2   | Reached skill level 10 in Evocations
 18521 | Lair:2   | Found a staircase to the Swamp.
 18747 | Lair:3   | Reached ****** piety under Wu Jian
 19254 | Lair:3   | Found a hole to the Spider Nest.
 19898 | Lair:4   | Reached skill level 11 in Fighting
 19907 | Lair:4   | Reached XP level 15. HP: 106/118 MP: 22/22
 20036 | Lair:5   | Entered Level 5 of the Lair of Beasts
 20862 | Lair:5   | Reached skill level 10 in Armour
 20872 | Lair:5   | Reached skill level 10 in Stealth
 21638 | Lair:5   | Identified the +2 long sword "Pendulum" {flame, rN+}
 21770 | Spider:1 | Entered Level 1 of the Spider Nest
 23798 | Spider:2 | Reached XP level 16. HP: 106/127 MP: 23/23
 24179 | Spider:2 | Reached skill level 12 in Fighting
 24681 | Spider:2 | Noticed Donald
 24695 | Spider:2 | Killed Donald
 25725 | Spider:2 | Reached skill level 15 in Long Blades
 26921 | Spider:3 | Noticed Ifaampeo's ghost (journeyman MDDe)
 26924 | Spider:3 | Found a runed translucent door.
 27260 | Spider:4 | Entered Level 4 of the Spider Nest
 29858 | Spider:4 | Reached skill level 13 in Fighting
 29858 | Spider:4 | Reached XP level 17. HP: 136/136 MP: 24/24
 30147 | Spider:4 | HP: 7/205 [ghost moth (4)]
 30684 | Spider:4 | Got a gossamer rune of Zot
 30917 | Swamp:1  | Entered Level 1 of the Swamp
 31468 | D:13     | Killed Josephine
 31798 | D:13     | Found a gate to the Vaults.
 31812 | D:13     | Reached skill level 15 in Evocations
 32467 | D:13     | Identified the +0 barding of Wu Jian's Esteem {Harm +Blink
                  | rElec Str-3}
 33730 | D:15     | Entered Level 15 of the Dungeon
 33830 | D:15     | Reached skill level 14 in Fighting
 34648 | D:15     | Found a staircase to the Depths.
 34888 | Vaults:1 | Entered Level 1 of the Vaults
 34980 | Vaults:1 | Reached XP level 18. HP: 137/147 MP: 25/25
 36716 | Vaults:1 | Reached skill level 15 in Fighting
 38636 | Vaults:2 | Found Jeicvyuf's Weapon Emporium.
 39262 | Vaults:2 | Found Esuc's Antique Weapon Emporium.
 39498 | Vaults:2 | Found Lutz's Book Shoppe.
 39523 | Vaults:2 | Bought a book of Necromancy for 374 gold pieces
 39529 | Vaults:2 | Learned a level 5 spell: Curse of Agony
 39855 | Vaults:2 | Reached skill level 16 in Fighting
 40214 | Vaults:2 | Found Hetraiguk's Magic Scroll Emporium.
 40221 | Vaults:2 | Bought a scroll of brand weapon for 161 gold pieces
 40221 | Vaults:2 | Bought a scroll of enchant weapon for 127 gold pieces
 40221 | Vaults:2 | Bought a scroll of identify for 34 gold pieces
 40221 | Vaults:2 | Bought a scroll of butterflies for 68 gold pieces
 40221 | Vaults:2 | Bought a scroll of identify for 34 gold pieces
 40518 | Vaults:3 | Reached XP level 19. HP: 156/157 MP: 26/26
 40528 | Vaults:3 | Paralysed by a sphinx for 3 turns
 40936 | Vaults:3 | Found a staircase to the Crypt.
 40936 | Vaults:3 | Found a basalt altar of Yredelemnul.
 40937 | Vaults:3 | Found an ancient bone altar of Kikubaaqudgha.
 41096 | Abyss:2  | Cast into level 2 of the Abyss (arcanist)
 41282 | Abyss:2  | Gained mutation: You are clumsy. (Dex -2) [a neqoxec]
 41283 | Abyss:2  | Gained mutation: Armour fits poorly on your strangely
                  | shaped body. [a neqoxec]
 41336 | Vaults:3 | Escaped the Abyss
 42660 | Vaults:3 | Reached skill level 17 in Fighting
 45572 | Swamp:2  | Reached skill level 10 in Necromancy
 45586 | Swamp:2  | Killed from afar by a spriggan druid

Illustrated notes

Levels and vault maps discovered:
D:1:      mrwooster_arrival_statue, layout_basic
D:2:      layout_basic
D:3:      layout_loops_ring, lightli_sewer_entry_pipes, minmay_box_of_dots
D:4:      layout_cave_pods, serial_shops, shop, uniq_crazy_yiuf_cottage,
          uniq_sigmund
D:5:      layout_basic, jmf_multi_god_temple, minmay_temple_entry_butterflies,
          serial_bayou, serial_bayou_shore_b, serial_bayou_ford_a,
          serial_bayou_pond_d, serial_bayou_shore_b, minmay_misc_feat_hallway
D:6:      layout_rooms
D:7:      layout_loops_ring, kennysheep_mini_moat, dreamdust_princess_corridor,
          nicolae_shop_overcharged_wands, uniq_maurice, uniq_menkaure,
          uniq_jeremiah
D:8:      layout_cave_pools, old_standard_altar, trog_hazing_becter, uniq_joseph
D:9:      layout_loops_ring, enter_bailey_5
D:10:     layout_loops_ring, nicolae_tso_swordbearing_angel,
          gammafunk_temple_overflow_forgotten
D:11:     layout_stronghold, david_lair_shrubbed, grunt_qazlal_clouds
D:12:     layout_roguey, orc_david_3, ebering_ghost_disaster_area,
          portal_ice_cave_rime
D:13:     layout_roguey, lightli_vaults_fourway_checkpoint, uniq_josephine
D:14:     layout_loops_ring, serial_bayou_shore_b, lemuel_nasty_fountain
D:15:     grunt_enter_depths_snipers, layout_rooms, serial_park_square1
          [serial_park_minivault_5x5_7], chequers_serial_rivers_room_a
Temple:   hellmonk_temple_forest_ring
Lair:1:   layout_cave_pods, basic_altar
Lair:2:   nzn_winding_woodlands_medium [nzn_winding_woodlands_5x5_closed_star,
          nzn_winding_woodlands_5x15_sawtooth,
          nzn_winding_woodlands_5x5_open_star,
          nzn_winding_woodlands_5x5_checkerboard,
          nzn_winding_woodlands_center_lodge,
          nzn_winding_woodlands_5x5_perimeter,
          nzn_winding_woodlands_5x5_default,
          nzn_winding_woodlands_5x15_sidewinder,
          nzn_winding_woodlands_5x5_default], layout_loops_ring,
          mainiacjoe_swamp_entry_angry_trees, basic_altar,
          dreamdust_gnoll_shepherd
Lair:3:   layout_concentric_octagons, spider_nest_entry_webs,
          grunt_megastairs_4, lemuel_fruit_fields
Lair:4:   layout_cave_pods, slime_entry_2, lemuel_fruit_fields
Lair:5:   minmay_lair_end_enchanted_forest, layout_hall_layers, worms_lemuel,
          serial_bayou_shore_a, grunt_megastairs_1
Swamp:1:  layout_basic_swamp, evilmike_swamp_ruin_house_4, swamp_pool_1_2
Swamp:2:  layout_basic_swamp, nicolae_swamp_very_dense_foliage, swamp_pool_5,
          hangedman_swamp_blocks, uniq_jorgrun, uniq_nikola
Spider:1: layout_chambers
Spider:2: layout_chambers, drop_trap, einodemon_crawler_minivault,
          hangedman_spider_tarantella_strand, uniq_donald
Spider:3: layout_spider_delve, hellmonk_ghost_happy_afterlife
Spider:4: grunt_spider_rune_circles
Orc:1:    layout_caves, enter_volcano_3, mines1_david
Orc:2:    pf_orc_diabolical, layout_caves
Vaults:1: nicolae_vaults_loss_of_containment, v_alt_pattern_2,
          nicolae_vaults_trapezoid_3, nicolae_vaults_offset_grid_hallway_1,
          nicolae_vaults_storage_room_water, ontoclasm_vaults_ring_square,
          grunt_vaults_twisty, nicolae_vaults_bisected_exclaves, v_misc_5,
          v_pattern_1, nicolae_vaults_shrinking_rooms_2,
          nicolae_vaults_little_squares_1, nicolae_vaults_trapezoid_2,
          nicolae_vaults_hexular_roomagon, layout_vaults_big_cross
Vaults:2: nicolae_vaults_meiosis, nicolae_vaults_security_offices_2,
          nicolae_vaults_offset_grid_hallway_1, nicolae_vaults_sightless_eye,
          nicolae_vaults_big_angled_halls, ontoclasm_vaults_ligature,
          nicolae_vaults_apartment_1, v_misc_27, layout_vaults_ring,
          serial_shops, nicolae_shop_rolling_square,
          nicolae_shop_pleasant_corner_grove, shop,
          nicolae_shop_getting_attention
Vaults:3: nicolae_vaults_cochlea, nicolae_vaults_big_ls,
          hangedman_vaults_capsules, ontoclasm_vaults_misaligned,
          minmay_crypt_entry_necro_gods, st_quartered_hall,
          nicolae_vaults_closet_pinwheel_4, vaults_dpeg_hooks,
          nicolae_vaults_octothorpe, ontoclasm_vaults_eye,
          nicolae_vaults_little_squares_4, nicolae_vaults_little_squares_4,
          vaults_mumra_minichess_inversion, v_misc_23, layout_vaults_omnibox
Vaults:4: nicolae_vaults_offset_grid_hallway_1, vaults_room_hallway,
          ontoclasm_vaults_pinch, vaults_room_glass_cross, vaults_room_fours,
          nicolae_vaults_sesquioval_fish, nicolae_vaults_mini_display_case,
          ontoclasm_vaults_spin, layout_vaults_quadrants, serial_shops, shop,
          uniq_mennas

Skill      XL: |  1  2  3  4  5  6  7  8  9 10 11 12 13 14 15 16 17 18 19 |
---------------+----------------------------------------------------------+-----
Stealth        | 1 2 3 5 6 7 8 9 10 11 12 13 14 | 14.2
Dodging        | 2 |  2.2
Ranged Weapons | 4 |  4.6
Armour         | 1 2 3 4 5 6 7 8 9 10 11 12 13 14 | 14.2
Fighting       | 3 4 5 6 7 8 9 10 11 13 14 16 17 | 17.4
Long Blades    | 1 2 4 5 7 8 9 11 13 14 15 | 15.1
Evocations     | 2 4 6 7 9 11 12 14 15 16 | 16.7
Necromancy     | 2 4 6 8 10 | 10.0
Spellcasting   | 1 2 3 4 |  4.7

Action                     |  1- 3 |  4- 6 |  7- 9 | 10-12 | 13-15 | 16-18 | 19-21 || total
---------------------------+-------+-------+-------+-------+-------+-------+-------++-------
  Melee: Demon blade       |       |    34 |   118 |   366 |   715 |   893 |   268 ||  2394
         Falchion          |       |    10 |   114 |   338 |   561 |       |       ||  1023
         Long sword        |       |       |       |       |   101 |   838 |       ||   939
         Scimitar          |       |       |       |       |       |    24 |   266 ||   290
   Fire: Sling             |   138 |   226 |       |       |       |       |       ||   364
  Throw: Throwing net      |       |       |       |       |     1 |       |       ||     1
 Invoke: Serpent's Lash    |       |       |       |       |     2 |     7 |     4 ||    13
         Heavenly Storm    |       |       |       |       |       |     2 |     2 ||     4
Ability: Lunge             |       |       |       |    35 |    78 |    73 |    30 ||   216
         Whirlwind         |       |       |       |    11 |    12 |    25 |    14 ||    62
         Invent Gizmo      |       |       |       |       |     1 |       |       ||     1
         Wall Jump         |       |       |       |       |       |     1 |       ||     1
  Evoke: Wand              |       |       |       |    28 |    18 |    14 |       ||    60
         Lightning rod     |       |       |       |       |     6 |     2 |       ||     8
         Gell's gravitambo |       |       |       |       |       |     2 |     1 ||     3
    Use: Scroll            |       |     5 |     7 |     2 |    13 |    19 |     3 ||    49
         Potion            |       |     1 |       |     6 |     4 |     2 |     3 ||    16
   Stab: Sleeping          |       |     1 |     8 |    16 |    28 |    34 |    12 ||    99
         Distracted        |       |       |       |     6 |    11 |    12 |     6 ||    35
         Invisible         |       |       |       |     5 |     8 |       |       ||    13
         Betrayed ally     |       |       |       |       |       |     1 |       ||     1
 Armour: Leather armour    |     1 |       |       |       |       |       |       ||     1
         Ring mail         |     7 |    67 |   117 |   383 |     8 |       |       ||   582
         Scale mail        |       |       |       |       |   533 |   893 |   225 ||  1651
  Dodge: Dodged            |     7 |    63 |    92 |   296 |   279 |   428 |   105 ||  1270
         Repelled          |       |       |       |       |     1 |    25 |    19 ||    45

Table legend: (Time is in decaauts)
 A = Elapsed time spent in this place.
 B = Non-inter-level travel time spent in this place.
 C = Inter-level travel time spent in this place.
 D = Time resting spent in this place.
 E = Time spent auto-exploring this place.
 F = Levels seen in this place.
 G = Mean time per level.
                   A        B        C        D        E       F      G
               +--------+--------+--------+--------+--------+-----+--------+
         Total |  45339 |  43258 |   2081 |  12625 |  23459 |  37 | 1225.4 |
       Dungeon |  15649 |  14823 |    826 |   2610 |  10144 |  15 | 1043.3 |
        Temple |     30 |      1 |     29 |      0 |      0 |   1 |   30.0 |
          Lair |   6011 |   5557 |    454 |   1051 |   3517 |   5 | 1202.2 |
         Swamp |    945 |    910 |     35 |    235 |    541 |   2 |  472.5 |
   Spider Nest |   8965 |   8750 |    215 |   3750 |   3795 |   4 | 2241.2 |
  Orcish Mines |   2844 |   2755 |     89 |    879 |   1284 |   2 | 1422.0 |
        Vaults |   8647 |   8217 |    430 |   3471 |   3614 |   4 | 2161.8 |
         Abyss |    223 |    223 |      0 |      0 |     13 |   1 |  223.0 |
         Sewer |    322 |    322 |      0 |      0 |    116 |   1 |  322.0 |
        Bailey |    875 |    875 |      0 |    278 |    192 |   1 |  875.0 |
       Volcano |    822 |    822 |      0 |    349 |    241 |   1 |  822.0 |
               +--------+--------+--------+--------+--------+-----+--------+

Top non-repeatable levels by time:
Vaults:3: 3403 daAuts
Spider:3: 3240 daAuts
Vaults:1: 3061 daAuts
Spider:2: 2778 daAuts
Vaults:2: 2114 daAuts
   Orc:2: 2027 daAuts
  Lair:2: 1964 daAuts
    D:12: 1766 daAuts
Spider:1: 1741 daAuts
  Lair:5: 1630 daAuts
    D:13: 1397 daAuts
    D:11: 1356 daAuts
Spider:4: 1205 daAuts
    D:14: 1192 daAuts
    D:10: 1174 daAuts
